 Dungeon Crawl Stone Soup version 0.30.1-4-g462c640d31 (webtiles) character file.

Game seed: 6958379771398182068

235 monsoonserge the Trooper (level 6, 0/56 HPs)
             Began as a Hill Orc Fighter on Aug 18, 2023.
             Slain by an orc warrior
             ... wielding a +0 mace
              (7 damage)
             ... on level 4 of the Dungeon.
             The game lasted 00:08:11 (3902 turns).

monsoonserge the Trooper (Hill Orc Fighter)         Turns: 3902, Time: 00:08:11

Health: 0/56       AC:  7    Str: 21    XL:     6   Next: 6%
Magic:  6/6        EV:  9    Int:  8    God:
Gold:   194        SH:  4    Dex: 10    Spells: 5/5 levels left

rFire   . . .        a - +0 war axe
rCold   . . .        c - +0 buckler
rNeg    . . .        m - +0 scale mail
rPois   .            (no helmet)
rElec   .            (no cloak)
rCorr   .            (no gloves)
SInv    .            (no boots)
Will    .....        (no amulet) Stlth
                     (no ring)
HPRegen 0.29/turn    (no ring)
MPRegen 0.10/turn

%: no passive effects
@: no status effects
A: no striking features
a: no special abilities


You were on level 4 of the Dungeon.
You visited 2 branches of the dungeon, and saw 5 of its levels.

You collected 194 gold pieces.

Inventory:

Hand Weapons
 a - a +0 war axe (weapon)
 b - a +1 sling of flaming
Armour
 c - a +0 buckler (worn)
 m - a +0 scale mail (worn)
 p - a +0 tower shield
Magical Staves
 h - a staff of cold
 k - a staff of fire
Scrolls
 d - a scroll of identify {unknown}
 f - 2 scrolls of immolation {unknown}
 o - a scroll of fog {unknown}
 s - a scroll of fear {unknown}
 t - a scroll of teleportation {unknown}
Potions
 e - a potion of flight {unknown}
 g - 2 potions of lignification {unknown}
 i - 3 potions of ambrosia {unknown}
 j - a potion of degeneration {unknown}
 l - 3 potions of berserk rage {unknown}
 n - 2 potions of curing {unknown}
 q - a potion of resistance {unknown}
 r - 2 potions of mutation {unknown}
 v - a potion of brilliance {unknown}


   Skills:
 + Level 5.0 Fighting
 + Level 5.0 Axes
 + Level 4.7 Armour
 + Level 0.8 Dodging
 + Level 3.7 Shields


You had 5 spell levels left.
You didn't know any spells.
Your spell library contained the following spells:

 Spells                   Type           Power      Damage    Failure   Level
 Beastly Appendage        Tmut           0%         N/A       80%         1
 Magic Dart               Conj           0%         1d3       80%         1
 Slow                     Hex            0%         N/A       80%         1
 Summon Small Mammal      Summ           0%         N/A       80%         1
 Call Imp                 Summ           0%         N/A       91%         2
 Sublimation of Blood     Necr           0%         N/A       91%         2
 Wereblood                Tmut           0%         N/A       91%         2
 Confusing Touch          Hex            0%         N/A       99%         3
 Inner Flame              Hex/Fire       0%         N/A       99%         3
 Mephitic Cloud           Conj/Pois/Air  0%         N/A       99%         3
 Portal Projectile        Hex/Tloc       0%         N/A       99%         3
 Spider Form              Tmut/Pois      0%         N/A       99%         3
 Tukima's Dance           Hex            0%         N/A       99%         3
 Vampiric Draining        Necr           0%         2d6       99%         3
 Dispel Undead            Necr           0%         3d6       100%        4
 Agony                    Necr           0%         N/A       100%        5
 Blade Hands              Tmut           0%         N/A       100%        5
 Yara's Violent Unravell  Hex/Tmut       0%         3d3       100%        5
 Enfeeble                 Hex            0%         N/A       100%        7
 Summon Horrible Things   Summ           0%         N/A       100%        8


Dungeon Overview and Level Annotations

Branches:
Dungeon (4/15)             Temple (1/1) D:4

Altars:
Ashenzari
Cheibriados
Dithmenos
Elyvilon
Fedhas
Hepliaklqana
Kikubaaqudgha
Makhleb
Okawaru
Qazlal
Ru
Sif Muna
Trog
Uskayaw
Vehumet
Xom
Yredelemnul
The Shining One


Message History

Press: ? - help, v - describe, . - travel
Here: an orc warrior, wielding a +0 mace and wearing a +0 plate armour (poisoned)
The floor.
You hit the orc warrior.
The orc warrior is lightly wounded.
You block the orc warrior's attack.
You hit the orc warrior.
The orc warrior is moderately wounded.
The orc warrior looks more healthy.
The orc warrior hits you with a +0 mace.
You hit the orc warrior but do no damage.
The orc warrior is moderately wounded.
The orc warrior hits you with a +0 mace! x2
You hit the orc warrior but do no damage.
The orc warrior is moderately wounded.
The orc warrior hits you with a +0 mace!
You hit the orc warrior but do no damage.
The orc warrior is moderately wounded.
The orc warrior hits you with a +0 mace!
You hit the orc warrior.
The orc warrior is heavily wounded.
You block the orc warrior's attack.
You barely miss the orc warrior.
The orc warrior is heavily wounded.
The orc warrior hits you with a +0 mace!
* * * LOW HITPOINT WARNING * * *
The orc warrior hits you with a +0 mace.
* * * LOW HITPOINT WARNING * * *
You hit the orc warrior but do no damage.
The orc warrior is heavily wounded.
The orc warrior barely misses you.
You hit the orc warrior.
The orc warrior is heavily wounded.
The orc warrior hits you with a +0 mace.
* * * LOW HITPOINT WARNING * * *
You barely miss the orc warrior.
The orc warrior is heavily wounded.
You block the orc warrior's attack.
The orc warrior hits you with a +0 mace!
You die...

###....#####..###.........
##...# ###..#......# #...#
##........# #...#
#..#.....##### #...#
#..#.......... ###..##
#..##....#### #....#
#..###.o.#
##.#..##########.# ###.#
## .............# #@# #.#
(.. ..≈≈≈≈≈......# #o# #.#
8.## ≈≈≈≈≈≈≈≈≈....# #.#
#o# .o8(. ≈≈≈≈≈≈≈~~≈≈..#
#.# #o#o....#
≈≈≈≈≈≈~~≈≈≈≈.# #.#
#o..oo$.. ≈≈≈...≈≈≈≈≈≈.#
#(# #.#..###.
≈≈≈.>.≈≈≈≈≈≈.# #.###
#.#.###
≈≈≈...≈≈≈≈≈≈.###(..# #.#
#?# ≈≈≈≈≈≈≈≈≈≈≈..#.....#
#.##..


You could see an orc warrior.

Vanquished Creatures
  2 orc wizards (D:4)
  Natasha (twice) (D:3)
  4 adders
  2 worms (D:2)
  2 dart slugs (D:1)
  6 orcs
  9 bats
  5 endoplasms
  8 giant cockroaches
  8 goblins
  6 hobgoblins
  2 jackals (D:1)
  3 kobolds
  A quokka (D:1)
  12 ball pythons
  4 frilled lizards
  3 rats
79 creatures vanquished.

Notes
Turn   | Place    | Note
-------+----------+-------------------------------------------
     0 | D:1      | monsoonserge the Hill Orc Fighter began the quest for the
                  | Orb.
     0 | D:1      | Reached XP level 1. HP: 19/19 MP: 1/1
   257 | D:1      | Reached XP level 2. HP: 26/27 MP: 2/2
   343 | D:1      | You fall into a shaft and drop 1 floor!
   709 | D:1      | Reached XP level 3. HP: 33/33 MP: 3/3
   822 | D:1      | Found a faded altar of an unknown god.
  1615 | D:2      | Reached XP level 4. HP: 19/41 MP: 4/4
  1783 | D:2      | Found an iron altar of Okawaru.
  1983 | D:3      | Found a radiant altar of Vehumet.
  2202 | D:3      | Noticed Natasha
  2220 | D:3      | Killed Natasha
  2221 | D:3      | Reached XP level 5. HP: 9/47 MP: 5/5
  2603 | D:3      | Noticed Natasha
  2609 | D:3      | Killed Natasha
  2759 | D:3      | Noticed an ice beast
  2918 | D:4      | Found a staircase to the Ecumenical Temple.
  2935 | Temple   | Entered the Ecumenical Temple
  3178 | D:4      | Reached skill level 5 in Fighting
  3262 | D:4      | Found a shadowy altar of Dithmenos.
  3265 | D:4      | Found a shimmering altar of Xom.
  3358 | D:4      | Found a glowing golden altar of the Shining One.
  3361 | D:4      | Found a white marble altar of Elyvilon.
  3448 | D:4      | Noticed an orc warrior
  3543 | D:3      | Got Sif Muna's Catalogue of the Summoned Cemetery
  3699 | D:4      | Reached skill level 5 in Axes
  3699 | D:4      | Reached XP level 6. HP: 28/56 MP: 6/6
  3902 | D:4      | Slain by an orc warrior

Illustrated notes

Levels and vault maps discovered:
D:1:      saegor_arrival_simple_a, layout_basic,
          dreamdust_ecumenical_altar_angels_and_demons
D:2:      layout_basic, basic_altar, minmay_misc_feat_diagonals,
          minmay_misc_feat_encased, minmay_box_of_dots
D:3:      minmay_thinvault, layout_rooms, mainiacjoe_overflow_tiny_flanked,
          uniq_natasha
D:4:      layout_cave_pods, nicolae_overflow_hidden_temple, temple_pool_b,
          guppyfry_early_orc_mine
Temple:   hellmonk_temple_forest_ring

Skill      XL: |  1  2  3  4  5 |
---------------+----------------+-----
Fighting       | 4 5 |  5.0
Axes           | 3 4 5 |  5.0
Armour         | 4 |  4.7
Dodging        | |  0.8
Shields        | |  3.7

Action                     |  1- 3 |  4- 6 || total
---------------------------+-------+-------++-------
  Melee: War axe           |   128 |   126 ||   254
  Throw: Dart              |       |     2 ||     2
    Use: Potion            |       |     1 ||     1
 Armour: Scale mail        |    68 |    79 ||   147
  Dodge: Dodged            |    95 |    62 ||   157
  Block: Buckler           |    30 |    33 ||    63
